 Dungeon Crawl Stone Soup version 0.29.1-2-gbd0b4ee654 (webtiles) character file.

Game seed: 13955741468940205544

23 GorkyZ the Covered (level 2, 0/19 HPs)
             Began as a Gargoyle Fighter on Nov 20, 2022.
             Slain by a jelly (2 damage)
             ... on level 1 of the Dungeon.
             The game lasted 00:01:20 (1252 turns).

GorkyZ the Covered (Gargoyle Fighter)               Turns: 1252, Time: 00:01:21

Health: 0/19       AC:  9    Str: 19    XL:     2   Next: 95%
Magic:  2/2        EV:  9    Int:  8    God:
Gold:   31         SH:  4    Dex:  9    Spells: 1/1 levels left

rFire   . . .      SeeInvis .   a - +0 war axe
rCold   . . .      Faith    .   c - +0 buckler
rNeg    + . .      Spirit   .   b - +0 scale mail
rPois   ∞          Reflect  .   (no helmet)
rElec   +          Harm     .   (no cloak)
rCorr   .          Rampage  .   (no gloves)
Will    .....                   (no boots)
Stlth   ..........              (no amulet)
HPRegen 0.06/turn               (no ring)
MPRegen 0.08/turn               (no ring)

@: no status effects
A: sickness immunity, AC +2, negative energy resistance 1, electricity
resistance, torment resistance 1, petrification resistance
a: no special abilities


You were on level 1 of the Dungeon.
You visited 1 branch of the dungeon, and saw 1 of its levels.

You collected 31 gold pieces.

Inventory:

Hand Weapons
 a - a +0 war axe (weapon)
Armour
 b - a +0 scale mail (worn)
 c - a +0 buckler (worn)
Scrolls
 e - a scroll of identify {unknown}
 f - 3 scrolls of fear {unknown}
Potions
 d - a potion of might


   Skills:
 + Level 3.6 Fighting
 + Level 2.1 Axes
 + Level 3.6 Armour
 + Level 3.6 Shields


You had one spell level left.
You didn't know any spells.
Your spell library contained the following spells:

 Spells                   Type           Power      Damage    Failure   Level
 Ozocubu's Armour         Ice            0%         N/A       99%         3
 Ozocubu's Refrigeration  Ice            0%         4d7       100%        7


Dungeon Overview and Level Annotations

Branches:
Dungeon (1/15)

Altars:
Jiyva


Innate Abilities, Weirdness & Mutations

You are immune to sickness and miasma.
Your stone body is resilient. (AC +2)
You are immune to poison.
You resist negative energy. (rN+)
You are resistant to electric shocks. (rElec)
You are resistant to unholy torment.
You are immune to petrification.


Message History

You are frozen.
You block the jelly's attack.
The endoplasm jiggles.
You hit the endoplasm.
You kill the endoplasm!
You slash the jelly!
Your hands burn!
The jelly hits you but does no damage. You block the jelly's attack.
You block the kobold's attack.
You hit the jelly.
Your hands burn!
The jelly is almost dead.
You barely miss the kobold.
The kobold hits you with a +0 short sword.
* * * LOW HITPOINT WARNING * * *
The jelly hits you but does no damage.
You are too injured to fight recklessly!
You are too injured to fight recklessly!
You are too injured to fight recklessly!
You are too injured to fight recklessly!
You are too injured to fight recklessly!
You are too injured to fight recklessly!
You are too injured to fight recklessly!
You are too injured to fight recklessly!
You are too injured to fight recklessly!
You are too injured to fight recklessly!
You are too injured to fight recklessly!
You are too injured to fight recklessly!
You are too injured to fight recklessly!
You are too injured to fight recklessly!
You are too injured to fight recklessly!
You are too injured to fight recklessly!
You are too injured to fight recklessly!
You are too injured to fight recklessly!
You are too injured to fight recklessly!
You are too injured to fight recklessly!
The kobold attacks as you move away! The kobold closely misses you.
The jelly attacks as you move away! The jelly hits you but does no damage.
You slash the kobold!
You kill the kobold!
You hit the jelly.
Your hands burn!
* * * LOW HITPOINT WARNING * * *
The jelly hits you but does no damage. The jelly hits you.
You die...

.....# #########
#.###############♣♣♣♣♣♣♣♣♣♣♣♣♣♣♣♣
#.##......[..................♣...
#.##...########..♣...♣....♣....♣♣
#.##...#...J ##..♣♣....♣♣...♣♣..
#.##...#....#####...♣...♣.♣....♣♣
#.##...#...J#.#.8)....♣...♣...♣..
#.##...#[..J'JJJ.....♣♣.♣♣..♣...♣
#.##...#..BJJJJJ@..........♣...♣.
#.....)#..wJ#.#.8......♣♣......♣♣
####...#....#####.....♣......♣..♣
#...#...J ##....♣...♣♣..♣.♣.♣
#...########....♣...♣...♣..♣..
#..............♣.......♣♣..♣..
#...###........♣.♣.♣♣..♣..♣..♣
#.............♣....♣..♣.♣...♣.
#.....................♣......♣


You could see 5 jellies, a dart slug, 6 endoplasms and a giant cockroach.

Vanquished Creatures
  5 endoplasms (D:1)
  2 goblins (D:1)
  3 hobgoblins (D:1)
  6 kobolds (D:1)
  2 ball pythons (D:1)
  2 frilled lizards (D:1)
  3 rats (D:1)
23 creatures vanquished.

Notes
Turn   | Place    | Note
-------+----------+-------------------------------------------
     0 | D:1      | GorkyZ the Gargoyle Fighter began the quest for the Orb.
     0 | D:1      | Reached XP level 1. HP: 14/14 MP: 1/1
   310 | D:1      | Found a large runed translucent door.
   310 | D:1      | Found a large runed translucent door.
   311 | D:1      | Noticed a jelly
   316 | D:1      | Noticed a jelly
   339 | D:1      | Found a viscous altar of Jiyva.
   340 | D:1      | Noticed a jelly
   341 | D:1      | Noticed a jelly
   342 | D:1      | Noticed a jelly
   376 | D:1      | Reached XP level 2. HP: 11/19 MP: 2/2
  1252 | D:1      | Slain by a jelly

Illustrated notes

Levels and vault maps discovered:
D:1:      erik_arrival_cave_to_civilisation [erik_arrival_cave_to_temple],
          layout_basic

Skill      XL: |  1  2 |
---------------+-------+-----
Axes           | 2 |  2.1
Fighting       | |  3.6
Armour         | |  3.6
Shields        | |  3.6

Action                   || total
-------------------------++-------
Melee: War axe           ||    64
Armor: Scale mail        ||    34
Dodge: Dodged            ||    26
Block: Buckler           ||    15
